| TOP OF THE 1ST |
|
Milwaukee Brewers batting - Pitching for Minnesota Twins : RHP Hector A. Garcia
|
|
Pitching: RHP Hector A. Garcia
|
|
|
Batting: RHB Jim Smith
|
0-0: Ball 1-0: Called Strike 1-1: Ball 2-1: Foul Ball, location: 9LDF 2-2: Foul Ball, location: 2F 2-2: Ball 3-2: Foul Ball, location: 2F 3-2: Base on Balls
|
|
Batting: LHB Luis Herta
|
0-0: Ball 1-0: Called Strike 1-1: Foul Ball, location: 7LMF 1-2: Ball 2-2: Strikes out looking
|
|
Batting: RHB Blake Anderson
|
0-0: Called Strike 0-1: Ball 1-1: Ball 2-1: Ball 3-1: 2-RUN HOME RUN (Flyball, 78XD, EV 103.8 MPH), Distance : 407 ft
|
|
Batting: LHB Billy Wood
|
0-0: Ball 1-0: Ball 2-0: Called Strike 2-1: DOUBLE (Line Drive, W RL, EV 94.4 MPH)
|
|
Batting: RHB Kevin Thompson
|
0-0: Ball 1-0: Called Strike 1-1: Swinging Strike 1-2: Strikes out looking
|
|
Batting: RHB Steve Sanders
|
0-0: Ball 1-0: Ground out 5-3 (Groundball, 56, EV 85.6 MPH)
|
| Top of the 1st over - 2 runs, 2 hits, 0 errors, 1 left on base; Milwaukee 2 - Minnesota 0 |
| BOTTOM OF THE 1ST |
|
Minnesota Twins batting - Pitching for Milwaukee Brewers : RHP Tristan Hill
|
|
Pitching: RHP Tristan Hill
|
|
|
Batting: LHB Magneuris Sierra
|
0-0: Foul Ball, location: 2F 0-1: Called Strike 0-2: Fly out, F6 (Line Drive, 6D, EV 62.5 MPH)
|
|
Batting: RHB José Jiménez
|
0-0: Called Strike 0-1: Fly out, F7 (Flyball, 78D, EV 90.6 MPH)
|
|
Batting: LHB Andy Townsend
|
0-0: Called Strike 0-1: Foul Ball, location: 2F 0-2: Ball 1-2: Reached on error, E6 (Groundball, 6, EV 88.8 MPH)
|
|
Batting: RHB Gabriel Corporan
|
0-0: Called Strike 0-1: Called Strike 0-2: Ball 1-2: Strikes out swinging
|
| Bottom of the 1st over - 0 runs, 0 hits, 1 error, 1 left on base; Milwaukee 2 - Minnesota 0 |
| TOP OF THE 2ND |
|
Milwaukee Brewers batting - Pitching for Minnesota Twins : RHP Hector A. Garcia
|
|
Batting: RHB Tim Campbell
|
0-0: Called Strike 0-1: Fly out, F6 (Line Drive, 6, EV 62.5 MPH)
|
|
Batting: RHB Dave Thomas
|
0-0: Ball 1-0: Foul Ball, location: 5F 1-1: Foul Ball, location: 2F 1-2: Ball 2-2: Ball 3-2: Strikes out looking
|
|
Batting: RHB Christian Arroyo
|
0-0: Ground out 4-3 (Groundball, 4, EV 95.0 MPH)
|
| Top of the 2nd over - 0 runs, 0 hits, 0 errors, 0 left on base; Milwaukee 2 - Minnesota 0 |
| BOTTOM OF THE 2ND |
|
Minnesota Twins batting - Pitching for Milwaukee Brewers : RHP Tristan Hill
|
|
Batting: LHB Carol Westerhout
|
0-0: Ball 1-0: Foul Ball, location: 7LSF 1-1: Ball 2-1: Ball 3-1: Swinging Strike 3-2: Ground out U3 (Groundball, 3, EV 86.3 MPH)
|
|
Batting: RHB Artie Cochran
|
0-0: Ball 1-0: Ball 2-0: Ball 3-0: Called Strike 3-1: Swinging Strike 3-2: Foul Ball, location: 9LMF 3-2: Strikes out swinging
|
|
Batting: RHB Alex Martin
|
0-0: Foul Ball, location: 2F 0-1: Called Strike 0-2: Ball 1-2: SINGLE (Groundball, 4D, EV 103.1 MPH)
|
|
Batting: RHB Greg Watts
|
0-0: SINGLE (Line Drive, 5D, EV 98.8 MPH) Alex Martin to second
|
|
Batting: LHB Sojuro Iwamoto
|
0-0: Called Strike 0-1: Foul Ball, location: 25F 0-2: Strikes out swinging
|
| Bottom of the 2nd over - 0 runs, 2 hits, 0 errors, 2 left on base; Milwaukee 2 - Minnesota 0 |
| TOP OF THE 3RD |
|
Milwaukee Brewers batting - Pitching for Minnesota Twins : RHP Hector A. Garcia
|
|
Batting: RHB Jim Smith
|
0-0: Ball 1-0: Foul Ball, location: 2F 1-1: Foul Ball, location: 5F 1-2: Ground out 5-3 (Groundball, 56S, EV 71.9 MPH)
|
|
Batting: LHB Luis Herta
|
0-0: Called Strike 0-1: Ball 1-1: Ball 2-1: Swinging Strike 2-2: Ball 3-2: Strikes out swinging
|
|
Batting: RHB Blake Anderson
|
0-0: Ball 1-0: SINGLE (Groundball, 4MD, EV 93.8 MPH)
|
|
Batting: LHB Billy Wood
|
0-0: Ball 1-0: Ball 2-0: Foul Ball, location: 7LDF 2-1: Fly out, F9 (Line Drive, 9, EV 106.9 MPH)
|
| Top of the 3rd over - 0 runs, 1 hit, 0 errors, 1 left on base; Milwaukee 2 - Minnesota 0 |
| BOTTOM OF THE 3RD |
|
Minnesota Twins batting - Pitching for Milwaukee Brewers : RHP Tristan Hill
|
|
Batting: LHB Magneuris Sierra
|
0-0: Ball 1-0: Fly out, F9 (Flyball, 9LD, EV 90.6 MPH)
|
|
Batting: RHB José Jiménez
|
0-0: Called Strike 0-1: SINGLE (Line Drive, 9S, EV 91.3 MPH)
|
|
Batting: LHB Andy Townsend
|
0-0: Fly out, F7 (Flyball, 7D, EV 95.0 MPH)
|
|
Batting: RHB Gabriel Corporan
|
0-0: Ball 1-0: Ball 2-0: Called Strike 2-1: Ball 3-1: Fly out, F9 (Flyball, 9S, EV 73.8 MPH)
|
| Bottom of the 3rd over - 0 runs, 1 hit, 0 errors, 1 left on base; Milwaukee 2 - Minnesota 0 |
| TOP OF THE 4TH |
|
Milwaukee Brewers batting - Pitching for Minnesota Twins : RHP Hector A. Garcia
|
|
Batting: RHB Kevin Thompson
|
0-0: Called Strike 0-1: Ball 1-1: Foul Ball, location: 9LSF 1-2: Ball 2-2: SINGLE (Groundball, 56D, EV 95.6 MPH)
|
|
Batting: RHB Steve Sanders
|
0-0: Swinging Strike 0-1: Ball 1-1: Reached on error, E5 (Groundball, 56S, EV 88.1 MPH) Kevin Thompson to second
|
|
Batting: RHB Tim Campbell
|
0-0: Bunted foul 0-1: DOUBLE (Flyball, 89D, EV 96.9 MPH) Kevin Thompson scores Steve Sanders to third
|
|
Batting: RHB Dave Thomas
|
0-0: Called Strike 0-1: Ball 1-1: Ball 2-1: Fly out, F6 (Line Drive, 6, EV 65.0 MPH)
|
|
Batting: RHB Christian Arroyo
|
0-0: Ball 1-0: Swinging Strike 1-1: SINGLE (Line Drive, 89M, EV 93.8 MPH) Steve Sanders scores Tim Campbell to third Runner from 3rd tries for Home, SAFE, throw by CF to home Christian Arroyo to second
|
|
Pitching: RHP Bob McDonald
|
|
|
Batting: RHB Jim Smith
|
0-0: Ball 1-0: Called Strike 1-1: Foul Ball, location: 9LDF 1-2: Strikes out swinging wild pitch, reaches first! Christian Arroyo to third
|
|
Batting: LHB Luis Herta
|
0-0: Ball 1-0: Ball Jim Smith steals 2nd base (no throw) 2-0: Ball 3-0: Called Strike 3-1: Fly out, F8 (Line Drive, 8LS, EV 90.6 MPH)
|
|
Batting: RHB Blake Anderson
|
0-0: Called Strike 0-1: Foul Ball, location: 7LDF 0-2: Strikes out swinging
|
| Top of the 4th over - 3 runs, 3 hits, 1 error, 2 left on base; Milwaukee 5 - Minnesota 0 |
| BOTTOM OF THE 4TH |
|
Minnesota Twins batting - Pitching for Milwaukee Brewers : RHP Tristan Hill
|
|
Batting: LHB Carol Westerhout
|
0-0: Called Strike 0-1: Ball 1-1: Ball 2-1: Foul Ball, location: 9LMF 2-2: Foul Ball, location: 7LSF 2-2: Ball 3-2: Foul Ball, location: 9LMF 3-2: Base on Balls
|
|
Batting: RHB Artie Cochran
|
0-0: Called Strike 0-1: Called Strike 0-2: Fielders Choice at 2nd, 5-4 (Groundball, 56S, EV 82.5 MPH)
|
|
Batting: RHB Alex Martin
|
0-0: Grounds into double play, 4-6-3 (Groundball, 34D, EV 100.0 MPH)
|
| Bottom of the 4th over - 0 runs, 0 hits, 0 errors, 0 left on base; Milwaukee 5 - Minnesota 0 |
| TOP OF THE 5TH |
|
Milwaukee Brewers batting - Pitching for Minnesota Twins : RHP Bob McDonald
|
|
Batting: LHB Billy Wood
|
0-0: Called Strike 0-1: Fly out, F8 (Flyball, 8LXD, EV 98.1 MPH)
|
|
Batting: RHB Kevin Thompson
|
0-0: Foul Ball, location: 9LDF 0-1: Ball 1-1: Called Strike 1-2: Ball 2-2: Foul Ball, location: 2F 2-2: Strikes out swinging
|
|
Batting: RHB Steve Sanders
|
0-0: Ball 1-0: Ball 2-0: Fly out, F7 (Flyball, 7S, EV 88.8 MPH)
|
| Top of the 5th over - 0 runs, 0 hits, 0 errors, 0 left on base; Milwaukee 5 - Minnesota 0 |
| BOTTOM OF THE 5TH |
|
Minnesota Twins batting - Pitching for Milwaukee Brewers : RHP Tristan Hill
|
|
Batting: RHB Greg Watts
|
0-0: Ball 1-0: Ball 2-0: SINGLE (Line Drive, 6D, EV 96.9 MPH)
|
|
Batting: LHB Sojuro Iwamoto
|
0-0: Called Strike 0-1: Ball 1-1: Called Strike 1-2: Strikes out swinging
|
|
Batting: LHB Magneuris Sierra
|
0-0: Ball 1-0: Fielders Choice at 2nd, 4-6 (Groundball, 4, EV 83.1 MPH)
|
|
Batting: RHB José Jiménez
|
0-0: Ball 1-0: Foul Ball, location: 2F 1-1: Ball 2-1: Ball 3-1: Ground out 4-3 (Groundball, 34, EV 100.0 MPH)
|
| Bottom of the 5th over - 0 runs, 1 hit, 0 errors, 1 left on base; Milwaukee 5 - Minnesota 0 |
| TOP OF THE 6TH |
|
Milwaukee Brewers batting - Pitching for Minnesota Twins : RHP Bob McDonald
|
|
Batting: RHB Tim Campbell
|
0-0: Swinging Strike 0-1: Foul Ball, location: 9LDF 0-2: Strikes out swinging
|
|
Batting: RHB Dave Thomas
|
0-0: Ball 1-0: Ball 2-0: Foul Ball, location: 7LMF 2-1: Fly out, F2 (Popup, 3SF, EV 72.5 MPH)
|
|
Pitching: RHP Anastasio López
|
|
|
Batting: RHB Christian Arroyo
|
0-0: SINGLE (Groundball, 6MD, EV 99.4 MPH)
|
|
Batting: RHB Jim Smith
|
0-0: Ball 1-0: TRIPLE (Groundball, 5L, EV 95.0 MPH) Christian Arroyo scores
|
|
Batting: LHB Luis Herta
|
0-0: SINGLE (Line Drive, 7S, EV 107.5 MPH) Jim Smith scores
|
|
Batting: RHB Blake Anderson
|
0-0: Swinging Strike 0-1: Ball 1-1: Called Strike 1-2: Foul Ball, location: 2F 1-2: Strikes out looking
|
| Top of the 6th over - 2 runs, 3 hits, 0 errors, 1 left on base; Milwaukee 7 - Minnesota 0 |
| BOTTOM OF THE 6TH |
|
Minnesota Twins batting - Pitching for Milwaukee Brewers : RHP Tristan Hill
|
|
Batting: LHB Andy Townsend
|
0-0: Ball 1-0: Foul Ball, location: 3F 1-1: Ground out 6-3 (Groundball, 6, EV 84.4 MPH)
|
|
Batting: RHB Gabriel Corporan
|
0-0: SOLO HOME RUN (Flyball, 9D, EV 103.8 MPH), Distance : 405 ft
|
|
Batting: LHB Carol Westerhout
|
0-0: Called Strike 0-1: Fly out, F8 (Line Drive, 8RD, EV 86.3 MPH)
|
|
Batting: RHB Artie Cochran
|
0-0: Ball 1-0: Foul Ball, location: 2F 1-1: Swinging Strike 1-2: Ball 2-2: Fly out, F9 (Line Drive, 9, EV 98.8 MPH)
|
| Bottom of the 6th over - 1 run, 1 hit, 0 errors, 0 left on base; Milwaukee 7 - Minnesota 1 |
| TOP OF THE 7TH |
|
Milwaukee Brewers batting - Pitching for Minnesota Twins : RHP Anastasio López
|
|
Batting: LHB Billy Wood
|
0-0: Swinging Strike 0-1: Foul Ball, location: 7LMF 0-2: SINGLE (Line Drive, 9S, EV 93.8 MPH)
|
|
Batting: RHB Kevin Thompson
|
0-0: DOUBLE (Line Drive, 9LM, EV 105.0 MPH) Billy Wood to third
|
|
Batting: RHB Steve Sanders
|
0-0: Ball 1-0: Ground out 6-3 (Groundball, 6, EV 107.5 MPH)
|
|
Batting: RHB Tim Campbell
|
0-0: Swinging Strike 0-1: Ball Wild Pitch! Billy Wood scores Kevin Thompson to third 1-1: Called Strike 1-2: Ball 2-2: Strikes out swinging
|
|
Batting: RHB Dave Thomas
|
0-0: Ball 1-0: Ball 2-0: Ball 3-0: Called Strike 3-1: Ground out 4-3 (Groundball, 4, EV 89.4 MPH)
|
| Top of the 7th over - 1 run, 2 hits, 0 errors, 1 left on base; Milwaukee 8 - Minnesota 1 |
| BOTTOM OF THE 7TH |
|
Minnesota Twins batting - Pitching for Milwaukee Brewers : RHP Tristan Hill
|
|
Batting: RHB Alex Martin
|
0-0: Called Strike 0-1: Fly out, F7 (Flyball, 7D, EV 109.4 MPH)
|
|
Batting: RHB Greg Watts
|
0-0: Ball 1-0: DOUBLE (Line Drive, 9LM, EV 104.4 MPH)
|
|
Batting: LHB Sojuro Iwamoto
|
0-0: Ball 1-0: Fly out, F8 (Flyball, 78S, EV 85.6 MPH)
|
|
Pitching: RHP Juan Cruz
|
|
|
Batting: LHB Magneuris Sierra
|
0-0: Ball 1-0: Ball 2-0: Reached on error, E6 (Groundball, 6M, EV 86.9 MPH) Greg Watts to third
|
|
Batting: RHB José Jiménez
|
0-0: Swinging Strike 0-1: Ball 1-1: Called Strike 1-2: Fielders Choice at 2nd, 5-4 (Groundball, 56, EV 82.5 MPH)
|
| Bottom of the 7th over - 0 runs, 1 hit, 1 error, 2 left on base; Milwaukee 8 - Minnesota 1 |
| TOP OF THE 8TH |
|
Milwaukee Brewers batting - Pitching for Minnesota Twins : RHP Anastasio López
|
|
Batting: RHB Christian Arroyo
|
0-0: Foul Ball, location: 9LSF 0-1: Foul Ball, location: 3F 0-2: Ball 1-2: Strikes out looking
|
|
Batting: RHB Jim Smith
|
0-0: Called Strike 0-1: Swinging Strike 0-2: Ball 1-2: Strikes out looking
|
|
Pitching: RHP José González
|
|
|
Batting: LHB Luis Herta
|
0-0: Ground out 4-3 (Groundball, 34, EV 76.9 MPH)
|
| Top of the 8th over - 0 runs, 0 hits, 0 errors, 0 left on base; Milwaukee 8 - Minnesota 1 |
| BOTTOM OF THE 8TH |
|
Minnesota Twins batting - Pitching for Milwaukee Brewers : RHP Juan Cruz
|
|
Batting: LHB Andy Townsend
|
0-0: SINGLE (Line Drive, 6MD, EV 95.0 MPH)
|
|
Batting: RHB Gabriel Corporan
|
0-0: Foul Ball, location: 2F 0-1: Ball 1-1: Called Strike 1-2: Strikes out swinging
|
|
Batting: LHB Carol Westerhout
|
0-0: Foul Ball, location: 2LF 0-1: Called Strike 0-2: Foul Ball, location: 23F 0-2: Ball 1-2: Foul Ball, location: 5F 1-2: Strikes out swinging
|
|
Batting: RHB Artie Cochran
|
0-0: Called Strike 0-1: Ball 1-1: Ball 2-1: Called Strike 2-2: Ball 3-2: Foul Ball, location: 5SF 3-2: Strikes out swinging
|
| Bottom of the 8th over - 0 runs, 1 hit, 0 errors, 1 left on base; Milwaukee 8 - Minnesota 1 |
| TOP OF THE 9TH |
|
Milwaukee Brewers batting - Pitching for Minnesota Twins : RHP José González
|
|
Batting: RHB Blake Anderson
|
0-0: Called Strike 0-1: Ball 1-1: Called Strike 1-2: Ball 2-2: Ball 3-2: Base on Balls
|
|
Batting: LHB Billy Wood
|
0-0: Ball 1-0: Fly out, F4 (Line Drive, 4, EV 63.8 MPH)
|
|
Batting: RHB Kevin Thompson
|
0-0: DOUBLE (Line Drive, 7LS, EV 93.8 MPH) Blake Anderson to third
|
|
Batting: RHB Steve Sanders
|
0-0: Ball 1-0: Called Strike 1-1: Ball 2-1: Called Strike 2-2: Ball 3-2: Ground out 6-3 (Groundball, 6, EV 81.9 MPH) Blake Anderson scores
|
|
Batting: RHB Tim Campbell
|
0-0: Ball 1-0: Foul Ball, location: 5SF 1-1: Foul Ball, location: 2F 1-2: Ball 2-2: Strikes out swinging
|
| Top of the 9th over - 1 run, 1 hit, 0 errors, 1 left on base; Milwaukee 9 - Minnesota 1 |
| BOTTOM OF THE 9TH |
|
Minnesota Twins batting - Pitching for Milwaukee Brewers : RHP Juan Cruz
|
|
Batting: RHB Alex Martin
|
0-0: Foul Ball, location: 7LMF 0-1: Fly out, F3 (Popup, 3F, EV 66.9 MPH)
|
|
Batting: RHB Greg Watts
|
0-0: Ball 1-0: Called Strike 1-1: Called Strike 1-2: Ball 2-2: Fly out, F3 (Popup, 3L, EV 64.4 MPH)
|
|
Batting: LHB Sojuro Iwamoto
|
0-0: Ball 1-0: Fly out, F7 (Line Drive, 7, EV 97.5 MPH)
|
| Bottom of the 9th over - 0 runs, 0 hits, 0 errors, 0 left on base; Milwaukee 9 - Minnesota 1 |
|